 Dungeon Crawl Stone Soup version 0.31-a0-1540-g5a0b83f448 (webtiles) character file.

Game seed: 15406845660142929401

15442 whatisthis the Destroyer (level 12, -5/106 HPs)
             Began as a Black Draconian Conjurer on Jan 1, 2024.
             Was a Priest of Vehumet.
             Killed by an exploding fulminant prism (26 damage)
             ... on level 1 of the Lair of Beasts.
             The game lasted 00:58:15 (15383 turns).

whatisthis the Destroyer (DrCj)                    Turns: 15383, Time: 00:58:16

Health: -5/106     AC: 11    Str: 15    XL:     12   Next: 1%
Magic:  0/26       EV: 11    Int: 29    God:    Vehumet [***...]
Gold:   451        SH:  3    Dex: 10    Spells: 19/32 levels left

rFire   . . .        U - staff of conjuration
rCold   . . .        M - +0 buckler
rNeg    . . .        (body armour unavailable)
rPois   +            (helmet restricted)
rElec   +            L - +0 cloak
rCorr   .            q - +0 pair of gloves
SInv    .            I - +0 pair of boots of Complete Protection {Str+5}
Will    .....        m - amulet of guardian spirit
Stlth   ++           D - +6 ring of intelligence
HPRegen 0.37/turn    s - ring of poison resistance
MPRegen 0.20/turn

%: guardian spirit
@: no status effects
A: breathe lightning, AC +8, unfitting armour, electricity resistance,
cold-blooded
a: Breathe Lightning, Renounce Religion


You were on level 1 of the Lair of Beasts.
You worshipped Vehumet.
Vehumet was most pleased with you.
You visited 2 branches of the dungeon, and saw 12 of its levels.

You collected 711 gold pieces.
You spent 260 gold pieces at shops.

Inventory:

Hand Weapons
 e - a +2 dagger of electrocution
 W - a +2 trident of venom
Missiles
 i - 5 poisoned darts
 r - 7 boomerangs
 t - 10 javelins
 J - a throwing net
Armour
 q - a +0 pair of gloves (worn)
 I - the +0 pair of boots of Complete Protection (worn) {Str+5}
   (You found it on level 7 of the Dungeon)

   Str+5:     It affects your strength (+5).
 L - a +0 cloak (worn)
 M - a +0 buckler (worn)
 X - a +0 kite shield
Magical Staves
 U - a staff of conjuration (weapon)
Jewellery
 m - an amulet of guardian spirit (around neck)
 s - a ring of poison resistance (right hand)
 D - a +6 ring of intelligence (left hand)
 V - a ring of protection from cold
Wands
 f - a wand of flame (25)
 K - a wand of polymorph (17)
 S - a wand of paralysis (5)
Scrolls
 c - a scroll of acquirement {unknown}
 d - a scroll of enchant armour {unknown}
 g - 2 scrolls of fog
 h - a scroll of noise {unknown}
 k - 3 scrolls of teleportation
 l - a scroll of brand weapon {unknown}
 u - 2 scrolls of butterflies {unknown}
 w - a scroll of enchant weapon {unknown}
 A - 2 scrolls of fear {unknown}
 B - 2 scrolls of amnesia {unknown}
 F - 2 scrolls of blinking {unknown}
 G - 2 scrolls of immolation {unknown}
 H - 2 scrolls of revelation {unknown}
 Q - a scroll of poison {unknown}
 Y - a scroll of vulnerability {unknown}
 Z - a scroll of torment {unknown}
Potions
 a - a potion of magic
 b - 2 potions of might
 j - 2 potions of enlightenment {unknown}
 n - 5 potions of heal wounds
 o - 3 potions of mutation {unknown}
 p - 7 potions of curing
 v - 2 potions of haste
 z - a potion of ambrosia {unknown}
 C - a potion of berserk rage {unknown}
 N - a potion of cancellation {unknown}
 O - a potion of resistance {unknown}
 P - a potion of brilliance {unknown}
 R - a potion of invisibility {unknown}
 T - 2 potions of attraction {unknown}


   Skills:
 + Level 10.1 Fighting
 - Level 1.7 Dodging
 - Level 1.7 Stealth
 + Level 10.6 Spellcasting
 + Level 12.0 Conjurations
 + Level 8.4 Air Magic


You had 19 spell levels left.
You knew the following spells:

 Your Spells              Type           Power      Damage    Failure   Level
a - Magic Dart            Conj           100%       1d8       1%          1
b - Searing Ray           Conj           100%       2d8       1%          2
c - Fulminant Prism       Conj/Alch      33%        3d16      1%          4
d - Static Discharge      Conj/Air       100%       3-8/arc   1%          2
e - Airstrike             Air            29%        2d(5-21)  1%          4

Your spell library contained the following spells:

 Spells                   Type           Power      Damage    Failure   Level
 Momentum Strike          Conj/Tloc      100%       3d10      1%          2
 Iskenderun's Mystic Bla  Conj/Tloc      66%        2d14      1%          4
 Apportation              Tloc           30%        N/A       4%          1
 Slow                     Hex            60%        N/A       4%          1
 Summon Small Mammal      Summ           60%        N/A       4%          1
 Blink                    Tloc           30%        N/A       8%          2
 Jinxbite                 Hex            30%        N/A       8%          2
 Lesser Beckoning         Tloc           30%        N/A       8%          2
 Call Canine Familiar     Summ           15%        N/A       14%         3
 Confusing Touch          Hex            15%        N/A       14%         3
 Sigil of Binding         Hex            15%        N/A       14%         3
 Vampiric Draining        Necr           15%        2d7       14%         3
 Summon Blazeheart Golem  Fire/Summ      15%        N/A       43%         4
 Alistair's Intoxication  Alch           10%        N/A       80%         5


Dungeon Overview and Level Annotations

Branches:
Dungeon (10/15)            Temple (0/1) D:5            Lair (2/5) D:8
 Spider (0/4) Lair:2
  Swamp: Lair:2-3    Shoals: Lair:2-3       Orc: D:9-12

Altars:
Cheibriados
Dithmenos
Fedhas
Hepliaklqana
Kikubaaqudgha
Sif Muna
Vehumet
Wu Jian
Yredelemnul
The Shining One

Shops:
D:4 (   D:8 =

Annotations:
D:6 Jeremiah
D:9 2 transporters, Azoth's ghost, novice DrFE
D:10 1 exclusion


Innate Abilities, Weirdness & Mutations

You can breathe wild blasts of lightning.
Your glossy black scales are hard. (AC +8)
You cannot fit into any form of body armour.
You are resistant to electric shocks. (rElec)
You are cold-blooded and may be slowed by cold attacks.


Message History

Your fulminant prism explodes!
The blast of energy engulfs the yak!
The yak is heavily wounded.
The blast of energy engulfs you!!
* * * LOW HITPOINT WARNING * * *
Vehumet accepts your kill.
You feel your power returning.
You feel a bit more experienced.
You have reached level 12!
You feel clever.
Your scales feel tougher.
Casting: Static Discharge (safe; 1% risk of failure)
Confirm with . or Enter, or press ? or * to list all spells.
You feel a surge of power!
The yak is struck by an arc of lightning.
The yak is severely wounded.
You are struck by an arc of lightning.
The yak is struck by an arc of lightning!
The yak is almost dead.
You are struck by an arc of lightning.
The yak is struck by an arc of lightning.
The yak is almost dead.
The lightning grounds out.
The yak gores you.
* * * LOW HITPOINT WARNING * * *
Casting: Static Discharge (safe; 1% risk of failure)
Confirm with . or Enter, or press ? or * to list all spells.
Aiming: Fulminant Prism (mildly dangerous; 1% risk of failure)
Press: ? - help, Dir - move target, p - yak You feel a surge of power!
You conjure a prism of explosive energy!
A fulminant prism comes into view.
The yak gores you.
* * * LOW HITPOINT WARNING * * *
The yak barely misses you.
Your fulminant prism crackles loudly.
The yak gores you but does no damage.
Your fulminant prism explodes!
The blast of energy engulfs the yak!!
You kill the yak!
Vehumet accepts your kill. The blast of energy engulfs you!!
You die...

##.....## ##.....P# ##.....###
###.....## #.......# ##......##
###.....### ### ###......##
#########.####@#.....##
#...........###.....### #
#...................."#########
#..............................
#..............................
#..............................
#...........>..................
#..............................
#..).....(..............>......


There were no monsters in sight!

Vanquished Creatures
  A skyshark (Lair:2)
  An elephant (Lair:1)
  5 cane toads
  An unseen horror (D:10)
  4 komodo dragons
  A troll (D:9)
  A polar bear (Lair:1)
  10 hornets
  Grinder (D:5)
  10 blink frogs
  19 yaks
  A shadow (D:10)
  Edmund (D:6)
  An acid dragon (D:10)
  5 water moccasins
  Duvessa (D:6)
  A sky beast (D:8)
  An orc warrior (D:6)
  A black bear (D:5)
  4 ice beasts
  2 centaurs
  A phantom (D:6)
  7 bullfrogs
  2 gnoll sergeants
  2 scorpions
  8 wights
  Dowan (D:6)
  7 killer bees
  3 howler monkeys
  4 hounds
  3 jellies
  4 bombardier beetles
  8 orc priests
  A gnoll bouda (D:8)
  A sleepcap (D:7)
  Jessica (D:3)
  5 iguanas
  6 orc wizards
  Natasha (thrice) (D:2)
  16 gnolls
  10 adders
  A white imp (D:5)
  2 ufetubi (D:5)
  5 dart slugs
  5 ribbon worms
  28 orcs
  7 ball pythons
  8 bats
  9 endoplasms
  3 giant cockroaches
  6 goblins
  8 hobgoblins
  11 jackals
  8 kobolds (D:1)
  5 quokkas
  3 frilled lizards (D:1)
  7 rats
281 creatures vanquished.

Vanquished Creatures (others)
  122 fulminant prisms
122 creatures vanquished.

Grand Total: 403 creatures vanquished

Notes
Turn   | Place    | Note
-------+----------+-------------------------------------------
     0 | D:1      | whatisthis the Draconian Conjurer began the quest for the
                  | Orb.
     0 | D:1      | Reached XP level 1. HP: 14/14 MP: 3/3
   260 | D:1      | Reached XP level 2. HP: 14/20 MP: 0/5
   575 | D:1      | Learned a level 2 spell: Searing Ray
   612 | D:1      | Reached XP level 3. HP: 26/26 MP: 7/7
  1572 | D:2      | Reached XP level 4. HP: 32/33 MP: 4/8
  1695 | D:2      | Reached skill level 5 in Conjurations
  1867 | D:2      | Noticed Natasha
  1870 | D:2      | Killed Natasha
  2182 | D:2      | Reached XP level 5. HP: 38/38 MP: 5/10
  2183 | D:2      | Noticed Natasha
  2189 | D:2      | Killed Natasha
  2422 | D:2      | Noticed Natasha
  2427 | D:2      | Killed Natasha
  3030 | D:3      | Noticed Jessica
  3034 | D:3      | Killed Jessica
  3744 | D:4      | Reached XP level 6. HP: 45/45 MP: 10/12
  3877 | D:4      | Reached skill level 6 in Conjurations
  4018 | D:4      | Found Acicw's Weapon Boutique.
  4290 | D:4      | Found an ancient bone altar of Kikubaaqudgha.
  4430 | D:4      | Found a radiant altar of Vehumet.
  4433 | D:4      | Became a worshipper of Vehumet
  4638 | D:4      | Reached skill level 5 in Spellcasting
  4935 | D:5      | Entered Level 5 of the Dungeon
  5040 | D:5      | Your scales start taking on a glossy black colour.
  5040 | D:5      | Reached XP level 7. HP: 50/50 MP: 6/14
  5040 | D:5      | Gained mutation: You are resistant to electric shocks.
                  | (rElec) [Black Draconian growth]
  5147 | D:5      | Noticed Grinder
  5157 | D:5      | Killed Grinder
  5158 | D:5      | Reached skill level 7 in Conjurations
  5439 | D:5      | Found a staircase to the Ecumenical Temple.
  5600 | D:5      | Found a shadowy altar of Dithmenos.
  5875 | D:5      | Reached XP level 8. HP: 55/57 MP: 12/17
  6075 | D:5      | Learned a level 4 spell: Fulminant Prism
  6116 | D:5      | Reached skill level 1 in Fighting
  6402 | D:6      | Reached * piety under Vehumet
  6402 | D:6      | Offered knowledge of Freeze by Vehumet.
  6446 | D:6      | Reached skill level 8 in Conjurations
  6447 | D:6      | Found a hazy altar of Hepliaklqana.
  6730 | D:6      | Noticed Edmund
  6742 | D:6      | Killed Edmund
  6863 | D:6      | Noticed Duvessa
  6906 | D:6      | Noticed Jeremiah
  7453 | D:6      | Noticed Dowan
  7455 | D:6      | Killed Duvessa
  7464 | D:6      | Reached XP level 9. HP: 72/72 MP: 9/20
  7537 | D:6      | Killed Dowan
  7774 | D:6      | Found an ornate altar of the Wu Jian Council.
  7793 | D:6      | Reached skill level 9 in Conjurations
  8350 | D:7      | Reached skill level 5 in Fighting
  8499 | D:7      | Offered knowledge of Scorch by Vehumet.
  8790 | D:7      | Identified the +0 pair of boots of Complete Protection
                  | {Str+5}
  8874 | D:8      | Reached ** piety under Vehumet
  9138 | D:8      | Found Suiridux's Jewellery Boutique.
  9160 | D:8      | Found a glowing golden altar of the Shining One.
  9615 | D:8      | Found a shimmering blue altar of Sif Muna.
  9977 | D:8      | Found a staircase to the Lair.
 10037 | D:8      | Offered knowledge of Static Discharge by Vehumet.
 10041 | D:8      | Learned a level 2 spell: Static Discharge
 10350 | D:9      | Reached skill level 1 in Air Magic
 10560 | D:9      | Reached skill level 10 in Conjurations
 10560 | D:9      | Reached XP level 10. HP: 79/84 MP: 9/22
 10720 | D:9      | Found a basalt altar of Yredelemnul.
 10752 | D:9      | Noticed Azoth's ghost (novice DrFE)
 10760 | D:9      | Found a transporter.
 10773 | D:9      | Found a transporter.
 10943 | D:9      | Found a snail-covered altar of Cheibriados.
 11038 | D:10     | Entered Level 10 of the Dungeon
 11384 | D:10     | Reached *** piety under Vehumet
 11633 | D:10     | Reached skill level 5 in Air Magic
 11697 | D:10     | Noticed a fire dragon
 12070 | Lair:1   | Entered Level 1 of the Lair of Beasts
 12088 | Lair:1   | Paralysed by a hornet for 3 turns
 12306 | D:8      | Bought a ring of poison resistance for 260 gold pieces
 12633 | D:8      | Paralysed by a hornet for 2 turns
 12921 | D:8      | Reached skill level 11 in Conjurations
 12921 | D:8      | Reached XP level 11. HP: 95/95 MP: 18/24
 13158 | Lair:1   | Paralysed by a hornet for 1 turns
 13654 | Lair:1   | Reached skill level 10 in Spellcasting
 13715 | Lair:1   | Found a blossoming altar of Fedhas.
 13875 | Lair:1   | Offered knowledge of Airstrike by Vehumet.
 14519 | Lair:1   | Learned a level 4 spell: Airstrike
 14555 | Lair:2   | Noticed a skyshark
 14559 | Lair:2   | Killed a skyshark
 14881 | Lair:2   | Reached skill level 10 in Fighting
 14934 | Lair:2   | Found a hole to the Spider Nest.
 15210 | Lair:1   | Reached skill level 12 in Conjurations
 15380 | Lair:1   | Reached XP level 12. HP: 23/106 MP: 6/26
 15383 | Lair:1   | Killed by an exploding fulminant prism

Illustrated notes

Levels and vault maps discovered:
D:1:      evilmike_arrival_fibonacci_small, layout_loops_ring,
          minmay_box_of_dots
D:2:      layout_loops_cross, kennysheep_generic_room_6, uniq_natasha
D:3:      layout_basic, grunt_decor_one_mirror, uniq_jessica
D:4:      layout_loops_ring, nicolae_overflow_hidden_temple,
          kennysheep_mini_moat, serial_shops, kennysheep_mini,
          nicolae_twisty_statue_hallways
D:5:      layout_loops_ring, nicolae_dithmenos_the_darkroom,
          minmay_temple_entry_proselytizer, uniq_grinder
D:6:      layout_basic, mainiacjoe_overflow_surrounded_room,
          mainiacjoe_overflow_cross_hatched, uniq_edmund, uniq_jeremiah,
          uniq_duvessa
D:7:      layout_cave_pools, hangedman_decor_opposing
D:8:      layout_loops_cross, tgw_sif, tso_metal_star, serial_shops,
          nicolae_shop_tiny_waterfront, minmay_fountain_box
D:9:      layout_rooms, general_overflow_altar, nicolae_overflow_crystal_walls,
          gammafunk_ghost_stat_death, due_unseen_surprise
D:10:     dragon1_lemuel, layout_cave_pools, minivault_16
Lair:1:   layout_hall_layers, basic_altar, dreamdust_wasp_nest
Lair:2:   layout_roguey, minmay_shoals_entry_hut, spider_nest_entry_web_field,
          grunt_megastairs_5, infiniplex_staircase_pool_2

Skill      XL: |  1  2  3  4  5  6  7  8  9 10 11 |
---------------+----------------------------------+-----
Spellcasting   | 3 4 5 6 7 8 9 10 | 10.6
Conjurations   | 5 6 7 8 10 11 12 | 12.0
Fighting       | 4 6 8 10 | 10.1
Air Magic      | 2 5 8 |  8.4
Dodging        | |  1.7
Stealth        | |  1.7

Action                     |  1- 3 |  4- 6 |  7- 9 | 10-12 || total
---------------------------+-------+-------+-------+-------++-------
  Melee: Unarmed           |    17 |       |       |       ||    17
         Short sword       |    77 |     3 |       |       ||    80
         Tailslap          |    13 |     6 |     3 |       ||    22
         Spear             |       |    35 |       |       ||    35
         Trident           |       |    13 |       |       ||    13
         Dagger            |       |       |    22 |       ||    22
  Throw: Dart              |       |     1 |     4 |       ||     5
   Cast: Magic Dart        |    57 |   138 |   107 |    27 ||   329
         Searing Ray       |     1 |     6 |    28 |     1 ||    36
         Fulminant Prism   |       |       |    49 |    73 ||   122
         Static Discharge  |       |       |     4 |    50 ||    54
         Airstrike         |       |       |       |    14 ||    14
Ability: Breathe Lightning |       |       |     2 |     4 ||     6
    Use: Scroll            |       |       |       |     7 ||     7
         Potion            |       |       |       |     3 ||     3
   Stab: Sleeping          |     1 |     3 |     1 |       ||     5
 Armour: Skin              |    60 |    42 |    65 |   195 ||   362
  Dodge: Dodged            |    67 |    52 |    49 |    68 ||   236
  Block: Buckler           |       |       |       |    23 ||    23

Table legend: (Time is in decaauts)
 A = Elapsed time spent in this place.
 B = Non-inter-level travel time spent in this place.
 C = Inter-level travel time spent in this place.
 D = Time resting spent in this place.
 E = Time spent auto-exploring this place.
 F = Levels seen in this place.
 G = Mean time per level.
                   A        B        C        D        E       F      G
               +--------+--------+--------+--------+--------+-----+--------+
         Total |  15420 |  14328 |   1092 |   5458 |   4235 |  12 | 1285.0 |
       Dungeon |  13176 |  12287 |    889 |   4402 |   4068 |  10 | 1317.6 |
          Lair |   2243 |   2041 |    202 |   1056 |    167 |   2 | 1121.5 |
               +--------+--------+--------+--------+--------+-----+--------+

Top non-repeatable levels by time:
     D:8: 2392 daAuts
  Lair:1: 1964 daAuts
     D:5: 1738 daAuts
     D:6: 1550 daAuts
     D:1: 1406 daAuts
     D:2: 1310 daAuts
     D:4: 1219 daAuts
     D:3: 1022 daAuts
     D:9: 914 daAuts
    D:10: 854 daAuts
     D:7: 766 daAuts
  Lair:2: 279 daAuts
